[Event "*** SCC Grand Prix: Titled Tuesday Blitz"]
[Site "Chess.com"]
[Date "2020.06.02"]
[Round "8"]
[White "Ginzburg_Yakov"]
[Black "Ashedu66"]
[Result "1/2-1/2"]
[WhiteElo "2330"]
[BlackElo "2185"]
[TimeControl "180+1"]
[EndTime "11:37:03 PDT"]
[Termination "Game drawn by repetition"]

1. e4 e5 2. Nf3 Nc6 3. Bb5 Nge7 4. O-O g6 5. c3 Bg7 6. d4 exd4 7. Nxd4 Nxd4 8. cxd4 c6 9. Be2 d5 10.
e5 O-O 11. Nc3 f6 12. f4 fxe5 13. fxe5 Rxf1+ 14. Bxf1 Nf5 15. Ne2 Qb6 16. Kh1 Bd7 17. Qb3 Rf8 18. Qxb6 axb6 19. Bd2 c5 20. Nf4 Nxd4 21.
Nxd5 Bxe5 22. Bc4 Kg7 23. Nxb6 Bc6 24. Re1 Bf6 25. Nd5 b5 26. Nxf6 Rxf6 27. Bd3 Re6 28. Rxe6 Nxe6 29. b3 Kf6 30. Kg1 Ke5 31. Bc3+ Kd6 32.
Kf2 Nf4 33. Bf1 b4 34. Bd2 Nd5 35. g3 Bd7 36. Bg2 Bf5 37. Bc1 Bb1 38. a4 bxa3 39. Bxa3 Ba2 40. Bxd5 Kxd5 41. b4 cxb4 42. Bxb4 Ke4 43.
Bd2 h5 44. h4 Bd5 45. Bg5 Be6 46. Bf4 Bg4 47. Bg5 Bf5 48. Bf4 Bg4 49. Bg5 Bf5 50.
Bf4 Bg4 1/2-1/2

[Event "*** SCC Grand Prix: Titled Tuesday Blitz"]
[Site "Chess.com"]
[Date "2020.06.02"]
[Round "8"]
[White "Anton_Demchenko"]
[Black "Mazetovic"]
[Result "0-1"]
[WhiteElo "2819"]
[BlackElo "2661"]
[TimeControl "180+1"]
[EndTime "11:37:04 PDT"]
[Termination "Mazetovic won by checkmate"]

1. d4 Nf6 2. Nf3 g6 3. Bf4 Bg7 4. c3 O-O 5. Nbd2 d6 6. e4 c5 7. dxc5 dxc5 8. h3 Nc6 9. Qc2 Nd7 10. Be2 Nde5 11. O-O Qc7 12. Be3 b6 13. Nxe5 Nxe5 14. f4 Nc6 15. Nf3 Bb7 16. Rae1 Rac8 17. Bc1 Rfd8 18.
Bd1 Ba6 19. Be2 Bxe2 20. Qxe2 Qd7 21. Qf2 Qe6 22. a3 Rd3 23. Qh4 Qd7 24. f5 Ne5 25.
Nxe5 Bxe5 26. Bf4 Bxf4 27. Qxf4 Rf8 28. h4 Qd6 29. e5 Qd5 30. h5 gxf5 31. Qg5+ Kh8 32.
Qxe7 Rg8 33. Qf6+ Rg7 34. Rf2 Rg3 35. Ree2 Qd1+ 36. Kh2 Rg5 37. Qh6 Rg4 38. Qf6 Rg5 39. Qh6 Qd8 40. e6 fxe6 41. Rxe6 Rg4 42. Qf6 Rh4+ 43.
Kg1 Qd1+ 44. Rf1 Rh1+ 45. Kxh1 Qxf1+ 46. Kh2 Qxg2# 0-1

[Event "*** SCC Grand Prix: Titled Tuesday Blitz"]
[Site "Chess.com"]
[Date "2020.06.02"]
[Round "8"]
[White "ega2006"]
[Black "Quiet_Desperation"]
[Result "0-1"]
[WhiteElo "2363"]
[BlackElo "2112"]
[TimeControl "180+1"]
[EndTime "11:37:04 PDT"]
[Termination "Quiet_Desperation won by resignation"]

1. e4 e6 2. d4 d5 3. Nc3 Bb4 4.
e5 c5 5. Bd2 Nh6 6. Nb5 Bxd2+ 7. Qxd2 O-O 8. f4 Nc6 9. Nf3 a6 10. Nd6 f6 11. dxc5 fxe5 12. fxe5 b6 13. cxb6 Qxb6 14.
Bd3 Rxf3 15. gxf3 Nxe5 16. O-O-O Qxd6 17. Rhg1 Nf5 18. Bxf5 exf5 19. Qxd5+ Qxd5 20. Rxd5 Nxf3 21. Rf1 Nxh2 22. Re1 Bb7 23. Rd7 Be4 24. Red1 Rc8 25.
c3 Ng4 26. Ra7 Kh8 27. Rdd7 Rg8 28. c4 h5 29. Rxa6 h4 30. Ra3 f4 31. Rd4 Re8 32.
Rh3 g5 33. Rd1 f3 34. c5 Nf2 35. Rh2 Nxd1 36. Kxd1 Kg7 37. b4 Kg6 38. b5 Kh5 39. c6 g4 40. c7 g3 41. Rd2 f2 42.
Ke2 Bd3+ 43. Kxd3 f1=Q+ 0-1

[Event "*** SCC Grand Prix: Titled Tuesday Blitz"]
[Site "Chess.com"]
[Date "2020.06.02"]
[Round "8"]
[White "BakaPG"]
[Black "Jumbo"]
[Result "1-0"]
[WhiteElo "2723"]
[BlackElo "2836"]
[TimeControl "180+1"]
[EndTime "11:37:05 PDT"]
[Termination "BakaPG won on time"]

1. e4 c5 2. Nf3 d6 3. d4 cxd4 4. Nxd4 Nf6 5. Nc3 Nc6 6. f3 e6 7. Be3 a6 8. Qd2 h5 9. O-O-O Bd7 10. Kb1 b5 11. Bd3 Ne5 12. f4 Nxd3 13. cxd3 Qc7 14.
Rc1 Qb7 15. e5 Nd5 16. Ne4 dxe5 17. fxe5 Nxe3 18. Qxe3 Qd5 19. Nf3 Be7 20. h4 b4 21. Rc4 Qa5 22. Rhc1 O-O 23. Rc7 Rfd8 24. d4 Rac8 25. Rxc8 Bxc8 26. Qf4 Bb7 27. Neg5 Rf8 28. g4 b3 29. axb3 Bd5 30. Rc3 Qb5 31. Nd2 Bb4 32.
gxh5 Bxc3 33. bxc3 Bxb3 34. h6 Bd5+ 35. Kc2 Qa4+ 36.
Kd3 Qb5+ 37. Ke3 Qc6 38. Nge4 Bxe4 39. Nxe4 f5 40. Qg5 1-0

[Event "*** SCC Grand Prix: Titled Tuesday Blitz"]
[Site "Chess.com"]
[Date "2020.06.02"]
[Round "8"]
[White "SketchyMoves"]
[Black "Quaternitychess"]
[Result "1-0"]
[WhiteElo "2659"]
[BlackElo "2801"]
[TimeControl "180+1"]
[EndTime "11:37:05 PDT"]
[Termination "SketchyMoves won on time"]

1. e4 d6 2. Nc3 c5 3. f4 g6 4. Nf3 Bg7 5. Bb5+ Bd7 6. Bxd7+ Qxd7 7. d3 Nc6 8. O-O Rb8 9. a4 f5 10. exf5 gxf5 11. Ng5 Nf6 12. Re1 Nd8 13. Qe2 h6 14. Nf3 Nc6 15. Be3 Ng4 16. Kh1 Qe6 17. Qd2 Nxe3 18. Rxe3 Qf7 19. Rae1 O-O 20. Qf2 Rbe8 21. Qg3 Kh8 22. Nh4 Kh7 23. Qh3 Nd4 24. Nf3 Kg8 25.
Rc1 e5 26. Ne2 Nxe2 27. Rxe2 e4 28. Nd2 d5 29. c3 Re7 30. Rce1 Rfe8 31. dxe4 fxe4 32.
c4 dxc4 33. Nxe4 Qxf4 34. Qh5 Qf7 35. Qg4 Kh8 36. h4 Qe6 37. Qf3 Qc6 38. Kh2 Rf8 39. Qg4 Be5+ 40. Kh1 Rg7 41. Qh5 Bd4 42. Ng5 Qf6 43. Re8 Rgg8 44. R8e7 Rg7 45. Re8 Rgg8 46. R1e7 1-0

[Event "*** SCC Grand Prix: Titled Tuesday Blitz"]
[Site "Chess.com"]
[Date "2020.06.02"]
[Round "8"]
[White "colegiodemadrid"]
[Black "Gromes7"]
[Result "1-0"]
[WhiteElo "2377"]
[BlackElo "2052"]
[TimeControl "180+1"]
[EndTime "11:37:05 PDT"]
[Termination "colegiodemadrid won by checkmate"]

1. e4 c5 2. Nf3 a6 3. Nc3 Nc6 4. d4 cxd4 5. Nxd4 e5 6. Nde2 Bc5 7. g3 Nf6 8. Bg2 O-O 9. O-O d6 10. Bg5 h6 11. Bxf6 Qxf6 12. Nd5 Qd8 13. a3 Be6 14. Nec3 Nd4 15. Qd3 Rc8 16. Ne2 Bxd5 17.
exd5 f5 18. Nxd4 Bxd4 19. c3 Ba7 20. Kh1 e4 21. Qd2 Qb6 22. Rad1 Rce8 23. Qc2 Kh8 24. c4 Re7 25. b4 Rc8 26. Qe2 Rec7 27. Rc1 Qd4 28. Qh5 Qf6 29. Qe2 Bd4 30. Rc2 b5 31.
Rfc1 bxc4 32. Rxc4 Rxc4 33. Rxc4 Rxc4 34. Qxc4 Bxf2 35. Qxa6 Qa1+ 36. Bf1 e3 37. Qc8+ Kh7 38. Qxf5+ Kg8 39. Qe6+ Kh7 40. Kg2 Qxa3 41. Qf5+ Kg8 42.
Bd3 Qc1 43. Qe6+ Kf8 44. Qxd6+ Kf7 45. Bg6+ Kg8 46. Qd8# 1-0

[Event "*** SCC Grand Prix: Titled Tuesday Blitz"]
[Site "Chess.com"]
[Date "2020.06.02"]
[Round "8"]
[White "sotochess"]
[Black "Nafania1"]
[Result "0-1"]
[WhiteElo "2257"]
[BlackElo "2432"]
[TimeControl "180+1"]
[EndTime "11:37:06 PDT"]
[Termination "Nafania1 won on time"]

1. e4 e6 2. Qe2 c5 3. Nf3 Nc6 4.
g3 g6 5. Bg2 Bg7 6. O-O d6 7. c3 e5 8. d3 Nge7 9. h4 h6 10. Rd1 Bg4 11. Nbd2 O-O 12. Nc4 Qd7 13. Ne3 Bh3 14. Bh1 f5 15. exf5 gxf5 16. Nc4 Bg4 17.
Ne3 Bh5 18. Nf1 Rae8 19. Re1 Qc8 20. Qc2 d5 21. N3h2 e4 22. Bf4 Ne5 23. dxe4 fxe4 24. Bxe5 Bxe5 25. c4 Bd4 26. Ne3 Nf5 27. Nxd5 Nxg3 28.
Ne3 Nf5 29. Bxe4 Nxh4 30. Kh1 Kh8 31. Rg1 Qh3 32. Rg3 Qe6 33. Rag1 Qxe4+ 34. Qxe4 Rxe4 35. Rh3 Be8 36. Nhg4 Bxe3 37. fxe3 Nf5 38. Nxh6 Rh4 39. Rxh4 Nxh4 40. Rg4 Bc6+ 41. Kh2 Nf3+ 42. Kg3 Kh7 43. Rh4 Kg6 44. Rh3 Ng5 45. Ng4 Rf3+ 0-1

[Event "*** SCC Grand Prix: Titled Tuesday Blitz"]
[Site "Chess.com"]
[Date "2020.06.02"]
[Round "8"]
[White "Juanovic"]
[Black "fridaywins"]
[Result "0-1"]
[WhiteElo "2115"]
[BlackElo "2232"]
[TimeControl "180+1"]
[EndTime "11:37:06 PDT"]
[Termination "fridaywins won by resignation"]

1. e4 e5 2. Nf3 Nc6 3. Bb5 a6 4. Ba4 Nf6 5. O-O Be7 6. Re1 b5 7. Bb3 d6 8. c3 O-O 9. h3 Na5 10. Bc2 c5 11. d4 Nd7 12. dxe5 dxe5 13. a4 b4 14. Nbd2 Qc7 15. Qe2 Rb8 16. Nc4 Nxc4 17.
Qxc4 Nb6 18. Qe2 Rd8 19. a5 Nd7 20. cxb4 cxb4 21. Be3 Bc5 22. Bg5 f6 23. Bb3+ Kh8 24. Be3 Bxe3 25. Qxe3 Qc5 26. Qd3 Qe7 27. Red1 Bb7 28.
Bd5 Bxd5 29. Qxd5 Nc5 30. Qc4 Rdc8 31. Rd5 Ne6 32. Qb3 Nf4 33. Rd2 Rd8 34. Rad1 Rxd2 35. Rxd2 Qc5 36. Rc2 Qxa5 37. Kh2 Qb6 38. g3 Ne6 39. Kg2 Nd4 40. Nxd4 exd4 41. Rc4 a5 42. Qd3 Rd8 43. b3 h6 44. h4 Rd6 45. f4 Rd7 46. e5 fxe5 47. fxe5 Qb7+ 48. Kh3 Rd5 49. Rxd4 Qd7+ 0-1

[Event "*** SCC Grand Prix: Titled Tuesday Blitz"]
[Site "Chess.com"]
[Date "2020.06.02"]
[Round "8"]
[White "Harsha_Bharathakoti"]
[Black "gross-aleks"]
[Result "0-1"]
[WhiteElo "2717"]
[BlackElo "2576"]
[TimeControl "180+1"]
[EndTime "11:37:07 PDT"]
[Termination "gross-aleks won by resignation"]

1. c4 e5 2. Nc3 Nc6 3. e3 Nf6 4. Nf3 Be7 5. Qb3 O-O 6. d3 b6 7. Be2 Bb7 8. O-O Re8 9. a3 Bf8 10. Qc2 d5 11. cxd5 Nxd5 12. b3 Nxc3 13. Qxc3 Bd6 14.
Bb2 Ne7 15. b4 Ng6 16. Rac1 a5 17. b5 a4 18. Rfd1 Bd5 19. Nd2 Qg5 20. Ne4 Bxe4 21. dxe4 Re6 22. Rd5 Nh4 23. g3 Rf6 24. f4 Qg6 25.
fxe5 Qxe4 26. gxh4 Rg6+ 27. Kf2 Rg2+ 28. Ke1 Qxd5 29.
exd6 Qxd6 30. Bf3 Rg6 31. Bxa8 Qxh2 32. Kd1 Rg1+ 33. Qe1 Rxe1+ 34. Kxe1 Qxb2 35. Rxc7 g6 36. Bd5 Qxa3 37. Bxf7+ Kh8 38. Ke2 Qb4 39. Bc4 a3 40. Kd3 a2 41. Ra7 Qb1+ 0-1

[Event "*** SCC Grand Prix: Titled Tuesday Blitz"]
[Site "Chess.com"]
[Date "2020.06.02"]
[Round "8"]
[White "WeAintSurePal"]
[Black "Alopekos"]
[Result "0-1"]
[WhiteElo "2271"]
[BlackElo "2507"]
[TimeControl "180+1"]
[EndTime "11:37:07 PDT"]
[Termination "Alopekos won by resignation"]

1. d4 Nf6 2. c4 e6 3. Nc3 d5 4. Bg5 dxc4 5. Nf3 c5 6. e3 cxd4 7. exd4 Nc6 8. Bxc4 Be7 9. O-O O-O 10. a3 Nd5 11. Bxe7 Ncxe7 12. Qe2 b6 13. Rad1 Bb7 14. Ne5 Nf5 15. Nxd5 Bxd5 16. Bd3 Qg5 17. f4 Qf6 18. Bb1 Rfd8 19. g4 Nd6 20. g5 Qe7 21. Rd3 Be4 22. Rh3 Bxb1 23. Rxb1 f6 24. Nc6 Qf7 25. Re1 Re8 26. gxf6 gxf6 27. Rg3+ Kh8 28.
Kh1 Nf5 29. Rh3 a5 30. Qe4 Rac8 31. d5 Qd7 32. dxe6 Qxc6 33. Qxc6 Rxc6 34. Rh5 Ng7 35. Rh6 Rcxe6 36. Rg1 Nf5 37. Rh5 Ng7 38. Rh4 Re1 39.
Rg4 Rxg1+ 40. Rxg1 Nf5 41. Rc1 Re2 42. Rc6 Rxb2 43. Rxf6 Nh4 44. Rc6 Nf3 0-1

[Event "*** SCC Grand Prix: Titled Tuesday Blitz"]
[Site "Chess.com"]
[Date "2020.06.02"]
[Round "8"]
[White "DishonorOnYourCow"]
[Black "Slovak_fighter2000"]
[Result "1-0"]
[WhiteElo "2305"]
[BlackElo "2425"]
[TimeControl "180+1"]
[EndTime "11:37:07 PDT"]
[Termination "DishonorOnYourCow won on time"]

1. d4 e5 2. dxe5 Nc6 3. Bf4 Qe7 4. Nc3 Qb4 5. Qc1 Bc5 6. e3 Nge7 7. a3 Qb6 8. Nf3 Ng6 9. Bg3 d6 10. Nd5 Qa5+ 11.
b4 Bxb4+ 12. Nxb4 dxe5 13. Qd2 Nxb4 14. Qxb4 Qxb4+ 15. axb4 f6 16. Bc4 Ke7 17. h4 Be6 18. Bxe6 Kxe6 19. h5 Ne7 20. Ke2 a6 21. Nd2 Nd5 22. Ne4 b6 23. Rab1 f5 24. c4 Ne7 25.
Ng5+ Kf6 26. Nf3 e4 27. Nd4 Rac8 28. Bh4+ Kf7 29. Bxe7 Kxe7 30. Nxf5+ Ke6 31. Nxg7+ Ke5 32. h6 Ra8 33. Rbd1 a5 34. Rh5+ Kf6 35. bxa5 Rxa5 36.
Rxa5 bxa5 37. Ra1 Ra8 38. Ra4 Kg6 39. Ne6 Ra7 40. Nd4 Rb7 41. Rxa5 Rb2+ 42. Ke1 Rb1+ 43. Kd2 Rb2+ 44. Nc2 Kxh6 45. Re5 Rb1 46. Rxe4 Rf1 47. Rf4 Kg5 48. Kd3 h5 49. Nd4 Rg1 50. Nf3+ 1-0

[Event "*** SCC Grand Prix: Titled Tuesday Blitz"]
[Site "Chess.com"]
[Date "2020.06.02"]
[Round "8"]
[White "WinstonSilvakov"]
[Black "silverback96"]
[Result "1-0"]
[WhiteElo "2086"]
[BlackElo "2210"]
[TimeControl "180+1"]
[EndTime "11:37:07 PDT"]
[Termination "WinstonSilvakov won by resignation"]

1. d4 d5 2. e3 Nf6 3. Bd3 g6 4. Nd2 Bg7 5. f4 O-O 6. Ngf3 c5 7.
c3 Nbd7 8. O-O b6 9. Ne5 Bb7 10.
Qf3 Rc8 11. g4 Ne8 12. g5 Nd6 13. b3 f6 14. Nxg6 hxg6 15. Bxg6 fxg5 16. Qh5 Rf6 17. Qh7+ Kf8 18. Nf3 Ne4 19. fxg5 Rxg6 20. Qxg6 Kg8 21. Qe6+ Kh8 22. g6 Ndf6 23. Ne5 Ng5 24. Qf5 Nfe4 25.
Nf7+ Nxf7 26. gxf7 Bh6 27. dxc5 Qf8 28. Bb2 Qg7+ 29.
Kh1 d4 30. c6 Bxc6 31. Qxc8+ Kh7 32. Qg8+ Qxg8 33.
fxg8=Q+ Kxg8 34. Kg2 Nd2+ 35. Kh3 dxe3 36. Rfe1 Bf3 37.
Bc1 Bf4 38. Rg1+ Kf7 39. Bxd2 exd2 40. Rgf1 d1=Q 41. Raxd1 Bxd1 42. Rxf4+ Ke8 43. Rd4 Bc2 44. Kg3 e5 45. Rd5 e4 46. Kf4 Kf7 47. h4 Bb1 48. a3 Ba2 49. Rd7+ Ke6 50. Rxa7 Bxb3 51. Ra6 Kd5 52.
Rxb6 Kc4 53. Kxe4 1-0

[Event "*** SCC Grand Prix: Titled Tuesday Blitz"]
[Site "Chess.com"]
[Date "2020.06.02"]
[Round "8"]
[White "Tomytoteph"]
[Black "flexova"]
[Result "1-0"]
[WhiteElo "2311"]
[BlackElo "2407"]
[TimeControl "180+1"]
[EndTime "11:37:08 PDT"]
[Termination "Tomytoteph won on time"]

1. e4 e6 2. d4 d5 3. Nd2 c6 4. Ngf3 g6 5. h4 h6 6. Bd3 Bg7 7. c3 Ne7 8. Qe2 c5 9. dxc5 a5 10. exd5 Nxd5 11. Ne4 O-O 12. h5 f5 13. Nd6 g5 14. g4 Na6 15. gxf5 exf5 16. Bc4 Nxc5 17.
Bxd5+ Kh7 18. Bxg5 Qxd6 19. O-O-O Qc7 20. Be7 Re8 21.
Rhe1 Bd7 22. Bf7 Ne4 23. Bxe8 Rxe8 24. Ba3 Nxc3 25. Qc2 Qf4+ 26. Nd2 Nxd1 27. Rxe8 Bxe8 28. Kxd1 Bxh5+ 29. Kc1 Bf7 30. Qd3 h5 31. Bc5 h4 32.
Be3 Qe5 33. f4 Qxb2+ 34. Kd1 Qxa2 35. Qxf5+ Bg6 36. Qg5 Qa1+ 37. Ke2 Bf6 38. Qg4 Qh1 39. f5 Bf7 40. Nf3 h3 41. Bg5 Bc4+ 42. Kf2 Qf1+ 43.
Kg3 Qg2+ 44. Kf4 Qxg4+ 45. Kxg4 1-0

[Event "*** SCC Grand Prix: Titled Tuesday Blitz"]
[Site "Chess.com"]
[Date "2020.06.02"]
[Round "8"]
[White "Dedic8"]
[Black "Shtembuliak"]
[Result "0-1"]
[WhiteElo "2739"]
[BlackElo "2891"]
[TimeControl "180+1"]
[EndTime "11:37:09 PDT"]
[Termination "Shtembuliak won by checkmate"]

1. e4 g6 2. d4 Bg7 3. Nc3 d6 4. f4 a6 5. Nf3 Nd7 6. Bd3 c5 7.
Be3 cxd4 8. Nxd4 Ngf6 9. O-O O-O 10. Be2 Qc7 11. a4 b6 12. Bf3 e5 13. Nde2 Bb7 14.
Qe1 Rfe8 15. Qh4 d5 16. exd5 e4 17. Bg4 Nxg4 18. Qxg4 Nf6 19. Qg5 h6 20. Qh4 Nxd5 21. Nxd5 Bxd5 22. Nd4 f5 23. g4 Qf7 24. Rad1 Kh7 25.
Rd2 Rad8 26. Rfd1 Rd7 27. b3 Bb7 28. gxf5 gxf5 29. Qh3 Rf8 30. Ne2 Rxd2 31. Rxd2 b5 32.
axb5 axb5 33. Ng3 Bc8 34. Qf1 b4 35. Qb5 Bc3 36. Rd6 Rg8 37. Qc6 Qg7 38. Qd5 h5 39.
Rc6 h4 40. Qc4 hxg3 41. Rc7 Bd7 42. h4 g2 43. Qd5 Rd8 44. Bb6 Bf6 45. Rb7 Bxh4 46.
Bxd8 Bf2+ 47. Kxf2 g1=Q+ 48. Ke2 Q7g2# 0-1

[Event "*** SCC Grand Prix: Titled Tuesday Blitz"]
[Site "Chess.com"]
[Date "2020.06.02"]
[Round "8"]
[White "RestartingChess"]
[Black "Sam_ChessMood"]
[Result "0-1"]
[WhiteElo "2494"]
[BlackElo "2825"]
[TimeControl "180+1"]
[EndTime "11:37:09 PDT"]
[Termination "Sam_ChessMood won by resignation"]

1. e4 c5 2. Nf3 d6 3. Bb5+ Nd7 4. c4 Nf6 5. Nc3 e5 6. d3 Be7 7. Bg5 O-O 8. Bxd7 Bxd7 9. Bxf6 Bxf6 10. Nd5 g6 11.
Nxf6+ Qxf6 12. Qd2 Bg4 13. Qg5 Qxg5 14. Nxg5 h6 15. h3 Bd7 16. Nf3 f5 17. Ke2 b5 18.
b3 Kg7 19. Rhd1 Kf6 20. Ne1 a5 21. Nc2 f4 22. f3 g5 23. Rdb1 Rfb8 24. cxb5 Bxb5 25. Na3 Be8 26. Nc4 Ke6 27. Nb2 h5 28.
Nd1 Bc6 29. Nc3 Rb7 30. Kd2 Rg8 31. Rh1 Rb4 32. Rab1 Rg6 33. Nd1 Kd7 34. Nb2 Rb7 35. Nc4 Ra7 36. Ke2 Kc7 37. Kd2 Rg8 38. Ke2 Bd7 39.
Nb2 Rb8 40. Nd1 Kc6 41. Nc3 Be6 42. Kf2 Rg7 43. Na4 Rh7 44. Nc3 Rbh8 45. Ne2 g4 46.
hxg4 hxg4 47. Rxh7 Rxh7 48. fxg4 Bxg4 49. Nc3 Be6 50.
Rc1 Rg7 51. Rh1 Rg3 52. Rh6 Rxd3 53. Ne2 Bg4 54. Rg6 Bxe2 55. Kxe2 Re3+ 56. Kd2 Rxe4 57. Rg8 a4 58. Kd3 Rd4+ 59. Kc3 axb3 60. axb3 Kd5 61. Rd8 Ke4 62. Rg8 Rd3+ 63. Kc4 d5+ 64. Kxc5 Rxb3 65.
Kd6 Rg3 66. Re8 Rg6+ 67. Kc5 Rxg2 68. Rd8 d4 0-1

[Event "*** SCC Grand Prix: Titled Tuesday Blitz"]
[Site "Chess.com"]
[Date "2020.06.02"]
[Round "8"]
[White "malandragem"]
[Black "MirMan90"]
[Result "0-1"]
[WhiteElo "2477"]
[BlackElo "2712"]
[TimeControl "180+1"]
[EndTime "11:37:09 PDT"]
[Termination "MirMan90 won by resignation"]

1. a3 e5 2. e4 Nf6 3. Nc3 Bc5 4. Bc4 d6 5. d3 a6 6. f4 Ng4 7. f5 Nf2 8. Qh5 g6 9. Qh6 Nxh1 10. Bg5 f6 11. fxg6 Kd7 12. g7 fxg5 13. gxh8=Q Qxh8 14. Nh3 Kc6 15. O-O-O Nf2 16. Nxf2 Bxf2 17. Rf1 Be3+ 18. Kb1 Nd7 19. Nd5 b5 20. Bb3 Bc5 21. Rf7 Bb6 22.
Ne7+ Kb7 23. Bd5+ Ka7 24. Nc6+ Kb7 25. Nxe5+ Ka7 26. Nc6+ Kb7 27. Ne5+ Ka7 28. Nxd7 Bxd7 29. Rxd7 Rf8 30. Qxh7 Rf1+ 31. Ka2 Qxh7 32. Rxh7 Rf2 33.
g3 Rxc2 34. h4 gxh4 35. gxh4 Bd4 36. Kb1 Rxb2+ 37. Kc1 Kb6 38. h5 Rh2 39. Bf7 a5 40.
Bg6 b4 41. axb4 axb4 42. Rf7 b3 43. Rf1 Ra2 44. Rf8 Ra1+ 45. Kd2 b2 46. Rb8+ Ka7 47. Rxb2 Bxb2 48. h6 Bc1+ 49. Kc2 Bxh6 0-1

[Event "*** SCC Grand Prix: Titled Tuesday Blitz"]
[Site "Chess.com"]
[Date "2020.06.02"]
[Round "8"]
[White "jlandaw"]
[Black "atwalcb"]
[Result "1-0"]
[WhiteElo "2540"]
[BlackElo "2376"]
[TimeControl "180+1"]
[EndTime "11:37:09 PDT"]
[Termination "jlandaw won on time"]

1. e4 d6 2. Nc3 Nf6 3. g3 Nbd7 4. Bg2 e5 5. d3 c6 6. f4 Be7 7.
Nh3 O-O 8. O-O b5 9. a3 Bb7 10. f5 d5 11. g4 dxe4 12. dxe4 Nc5 13. Qe2 Nfd7 14. g5 a5 15. Qh5 b4 16. Ne2 g6 17.
Qg4 Re8 18. Be3 Bf8 19. f6 Ne6 20. axb4 axb4 21. Rad1 Qc7 22. Nc1 Nb6 23. b3 Nd7 24.
Nd3 Ndc5 25. Qh4 Nxd3 26. Rxd3 c5 27. Nf2 Ba6 28. Rfd1 Bxd3 29. Rxd3 Red8 30. Bh3 Rxd3 31. Nxd3 Nd8 32. Qg3 Ra1+ 33. Bf1 Nc6 34. Bxc5 Bxc5+ 35. Nxc5 Qb6 36. Qf2 Nd4 37. Nd7 Qe6 38. Nc5 Qg4+ 39. Qg2 Nf3+ 40. Kf2 Qxg2+ 41. Kxg2 Nd4 42. Bd3 Ra2 43. Nd7 Nxc2 44. Nxe5 Nd4+ 45. Kg3 Nxb3 46. Bc4 Ra3 47. Bxf7+ Kf8 48. Bd5 Nd4+ 49. Kg2 Ra7 50. Nf3 1-0

[Event "*** SCC Grand Prix: Titled Tuesday Blitz"]
[Site "Chess.com"]
[Date "2020.06.02"]
[Round "8"]
[White "Gerasimenyuk_Miha"]
[Black "verdest"]
[Result "0-1"]
[WhiteElo "2352"]
[BlackElo "2564"]
[TimeControl "180+1"]
[EndTime "11:37:09 PDT"]
[Termination "verdest won by resignation"]

1. d4 Nf6 2. Nf3 e6 3. Bg5 c5 4. e3 b6 5. c3 Bb7 6. Nbd2 h6 7. Bf4 Be7 8. Bd3 d5 9. Qe2 O-O 10. g4 Ne4 11. h4 Nd7 12. g5 h5 13. g6 fxg6 14. Rg1 Qe8 15. O-O-O Qf7 16. Bxe4 dxe4 17.
Ne5 Nxe5 18. Bxe5 Bxh4 19. Rg2 g5 20. dxc5 bxc5 21. Nc4 Ba6 22. Rd6 Bb5 23. a4 Bxa4 24. Nd2 Rad8 25. Qc4 Rxd6 26. Bxd6 Rd8 27. Qxc5 Qd7 28.
Nxe4 Bc6 29. f3 Bxe4 30. Rd2 Bxf3 31. b4 Bg3 32. Qxg5 Bxd6 33. e4 Bxe4 34. Kb2 Bf5 35. Qxh5 Qe7 36. Qf3 Be5 37. Qe3 Qxb4+ 38. Ka2 Rxd2+ 39.
Qxd2 Qa5+ 40. Kb3 Qxc3+ 41. Qxc3 Bxc3 42. Kc4 g5 0-1

[Event "*** SCC Grand Prix: Titled Tuesday Blitz"]
[Site "Chess.com"]
[Date "2020.06.02"]
[Round "8"]
[White "czasnaszachy"]
[Black "KerryStead"]
[Result "1-0"]
[WhiteElo "2336"]
[BlackElo "2088"]
[TimeControl "180+1"]
[EndTime "11:37:10 PDT"]
[Termination "czasnaszachy won by checkmate"]

1. d4 c5 2. d5 e5 3. c4 d6 4.
e4 f5 5. Nc3 Nf6 6. f3 f4 7. Bd3 Be7 8. Nge2 Nbd7 9. Bd2 Nf8 10. Qc2 Bd7 11. g3 g5 12. g4 Ng6 13. O-O-O a6 14.
Kb1 Rb8 15. Be1 h6 16. h4 Kf7 17. hxg5 hxg5 18. Bf2 Qa5 19. Nc1 b5 20. Nb3 Qc7 21.
Rdg1 bxc4 22. Bxc4 Bb5 23. Qe2 Bxc4 24. Qxc4 Qa7 25. Nxc5 dxc5 26. d6+ Kg7 27. dxe7 Qxe7 28. Bxc5 Qb7 29. b3 Rhc8 30. Na4 Nd7 31. Rd1 Nxc5 32.
Nxc5 Qc6 33. Ne6+ Kf6 34. Qxc6 Rxc6 35. Nd8 Rc7 36. Rd6+ Ke7 37. Rxg6 Rxd8 38. Rh7+ Kf8 39. Rxc7 Rd1+ 40. Kc2 Rf1 41. Rf6+ Ke8 42. Rxa6 Kd8 43.
Rg7 Rf2+ 44. Kc3 Rxf3+ 45. Kc4 Re3 46. Ra8# 1-0

[Event "*** SCC Grand Prix: Titled Tuesday Blitz"]
[Site "Chess.com"]
[Date "2020.06.02"]
[Round "8"]
[White "VincentKeymer"]
[Black "kingnb"]
[Result "1-0"]
[WhiteElo "2798"]
[BlackElo "2571"]
[TimeControl "180+1"]
[EndTime "11:37:11 PDT"]
[Termination "VincentKeymer won by resignation"]

1. Nf3 Nf6 2. c4 g6 3. g3 Bg7 4.
Bg2 O-O 5. O-O d6 6. d4 c6 7. Nc3 Qa5 8. e4 Qh5 9. Ne1 Qxd1 10. Nxd1 e5 11. d5 Na6 12. Nd3 cxd5 13. cxd5 Nc5 14. Nxc5 dxc5 15. Nc3 b6 16. a4 a6 17. Rd1 Bd7 18. Be3 Rfc8 19. h3 Ne8 20. Bf1 Nd6 21.
Kh2 Kf8 22. Bd3 Ke7 23. f4 Rab8 24. Rf1 b5 25. axb5 axb5 26. Ra7 c4 27. Bb1 b4 28. Na4 Ra8 29. Rxa8 Rxa8 30. Nb6 Ra1 31. Bc5 exf4 32.
gxf4 Bxb2 33. Bxd6+ Kxd6 34. Nxc4+ Kc5 35. Nxb2 Kd4 36. Kg2 Bb5 37. Rc1 b3 38. d6 Ra6 39.
e5 f6 40. Rd1+ Kc3 41. Bd3 Bc6+ 42. Kf2 Ra2 43. Rc1+ Kd4 44. Rxc6 Rxb2+ 45. Be2 Rc2 46. Rb6 Kc5 47. Rxb3 fxe5 48. fxe5 Rd2 49. Rd3 1-0

[Event "*** SCC Grand Prix: Titled Tuesday Blitz"]
[Site "Chess.com"]
[Date "2020.06.02"]
[Round "8"]
[White "MarcoRiehle"]
[Black "Igor_Lysyj"]
[Result "1-0"]
[WhiteElo "2643"]
[BlackElo "2753"]
[TimeControl "180+1"]
[EndTime "11:37:11 PDT"]
[Termination "MarcoRiehle won by resignation"]

1. e4 e5 2. Nf3 Nc6 3. Bc4 Bc5 4. O-O Nf6 5. d4 Bxd4 6. Nxd4 Nxd4 7. Bg5 h6 8. Bh4 d6 9. f4 Bg4 10. Bxf6 Bxd1 11. Bxd8 Rxd8 12. Rxd1 Nxc2 13. Nc3 Nxa1 14. Rxa1 exf4 15. Nd5 O-O 16. Nxf4 Rfe8 17. Re1 c6 18. Bb3 d5 19. e5 Re7 20. Kf2 Rde8 21. Nd3 g6 22. a4 a5 23. Rc1 Kg7 24. Rc5 Ra8 25. Bd1 f6 26. exf6+ Kxf6 27. Bf3 Ra6 28. h4 g5 29.
hxg5+ hxg5 30. Be2 Ra8 31. Rc1 Kg6 32. Nc5 Rf8+ 33. Ke1 b6 34. Nd3 c5 35. b3 Re3 36.
Kd2 d4 37. Rh1 Rg3 38. Bf3 g4 39. Bd5 Re8 40. Rf1 Rge3 41. Bf7+ Kg5 42. Bxe8 Rxe8 43. Rf7 Re3 44. Rg7+ Kf5 45. Rf7+ Kg5 46. Rb7 Re6 47. Rg7+ Kh4 48. Nf2 g3 49. Rg4+ Kh5 50. Rxg3 Rf6 51. Rf3 Rg6 52. Rh3+ Kg5 53. Rg3+ 1-0

[Event "*** SCC Grand Prix: Titled Tuesday Blitz"]
[Site "Chess.com"]
[Date "2020.06.02"]
[Round "8"]
[White "DenisQ"]
[Black "MITerryble"]
[Result "1/2-1/2"]
[WhiteElo "2611"]
[BlackElo "2819"]
[TimeControl "180+1"]
[EndTime "11:37:12 PDT"]
[Termination "Game drawn by repetition"]

1. Nf3 Nf6 2. c4 b6 3. g3 Bb7 4. Bg2 g6 5. O-O Bg7 6. Nc3 O-O 7. b3 Ne4 8. Bb2 Nxc3 9. Bxc3 Bxc3 10. dxc3 c5 11.
Qd2 Kg7 12. a4 Nc6 13. Ne5 Nxe5 14. Bxb7 Rb8 15. Bg2 Qc7 16. Rad1 Rbd8 17. f4 Nc6 18. Qe3 e6 19. Bxc6 dxc6 20. Kg2 Rd7 21. Rd3 Rxd3 22.
exd3 Rd8 23. d4 cxd4 24. cxd4 c5 25. Qe5+ Qxe5 26. dxe5 h6 27. h4 h5 28. Rf3 f6 29.
exf6+ Kxf6 30. Re3 Rd1 31. Kf3 Rd2 32. Ke4 Rd4+ 33. Kf3 Rd2 34. Ke4 Rd1 35. Kf3 Rb1 36. Ke4 Rb2 37. Rd3 Ke7 38. Kf3 Rb1 39. Ke4 Re1+ 40.
Re3 Rxe3+ 41. Kxe3 Kf6 42. Ke4 a6 43. Ke3 Kf5 44.
Kf3 e5 45. fxe5 Kxe5 46. Ke3 Kf5 47. Kf3 g5 48. hxg5 Kxg5 49. Kf2 Kf6 50. Kf3 Kf5 51. Ke3 Ke5 52. Kd3 Kf5 53. Ke3 Kg4 54. Kf2 Kg5 55. Kf3 Kf5 56. Ke3 1/2-1/2